 Dungeon Sprint DCSS version 0.01-2161-g8ec87df2bd (webtiles) character file.

Game seed: 8498901763715623664, levelgen mode: deterministic

1130 pasperui the Thaumaturge (level 8, -8/76 HPs) Naga Ice Elementalist. Began on July 3, 2020. Was an Elder of Cheibriados. Mangled by an ice devil (15 damage) ... summoned by an orc high priest ... in the Dungeon (Sprint III: "The Ten Rune Challenge"). The game lasted 00:08:56 (1122 turns).

pasperui the Thaumaturge (Naga Ice Elementalist)    Turns: 1122, Time: 00:08:57

Health: -8/76      AC:  3    Str: 22    XL:     8 ^: 738
Magic:  19/23      EV: 10    Int: 27    God:    Cheibriados [4* [104]]
Gold:   24         SH:  0    Dex: 23    Spells: 22/29 levels left

rFire    . . .     Vision   +   (no weapon)
rCold    . . .     Gourm    .   h - +0 long sword (holy)
rNeg     . . .     Faith    .   a - +0 robe
rPois    +         Spirit   .   (no helmet)
rElec    .         Reflect  .   (no cloak)
rCorr    .         Harm     .   (no gloves)
MR       +....     NoTele   +   (no barding)
Stlth    ++++......             (no amulet)
HPRegen  0.35/turn              (no ring)
MPRegen  0.33/turn              (no ring)

@: mighty, weakened, very slow
A: large, stinger 1, see invisible, agile 1, deformed body, poison resistance,
slowness 2, slow metabolism 1, spit poison 1, weak 1, evolution 1, constrict 1,
AC +2
a: Spit Poison, Bend Time, Temporal Distortion, Slouch, Renounce Religion


You were in the Dungeon.
You worshipped Cheibriados.
Cheibriados was greatly pleased with you.
You were not hungry.

You visited 1 branch You collected 24 gold pieces.

Inventory:

Weapons
 h - a +0 long sword of holy wrath (weapon)
Armour
 a - a +0 robe (worn)
Wands
 j - a wand of flame (25)
Scrolls
 k - a scroll of immolation
 l - 2 scrolls of torment
 n - a scroll of magic mapping
 o - 2 scrolls of bless item
Potions
 d - 2 potions of curing
 e - a potion of heal wounds
 f - a potion of haste
 g - 2 potions of magic
 p - a potion of cancellation
Miscellaneous
 m - a lamp of fire
Comestibles
 c - 3 rations


   Skills:
 - Level 5.8 Fighting
 * Level 2.5 Long Blades
 - Level 1.5 Dodging
 - Level 7.3 Stealth
 - Level 11.1 Spellcasting
 - Level 3.2 Summonings
 - Level 9.8 Ice Magic
 - Level 4.4 Invocations


You had 22 spell levels left.
You knew the following spells:

 Your Spells              Type           Power        Failure   Level  Hunger
a - Freeze                Ice            25 (25)      1%          1    None
b - Throw Frost           Ice            50 (50)      1%          2    None
c - Summon Ice Beast      Ice/Summ       50 (100)     2%          4    None

Your spell library contained the following spells:

 Spells                   Type           Power        Failure   Level  Hunger
 Ozocubu's Armour         Chrm/Ice       41 (100)     1%          3    None
 Hailstorm                Ice            62 (100)     1%          4    None
 Throw Icicle             Ice            62 (100)     1%          4    None
 Animate Skeleton         Necr           N/A          3%          1    None
 Pain                     Hex/Necr       15 (25)      3%          1    None
 Regeneration             Chrm/Necr      15 (200)     12%         3    None
 Vampiric Draining        Necr           15 (200)     12%         3    None
 Animate Dead             Necr           N/A          36%         4    None


Dungeon Overview and Level Annotations

Branches:
Dungeon (1/1)

Altars:
Cheibriados
Dithmenos
Elyvilon
Fedhas Madash
Gozag Ym Sagoz
Hepliaklqana
Kikubaaqudgha
Makhleb
Nemelex Xobeh
Okawaru
Qazlal
Ru
Sif Muna
Trog
Uskayaw
Vehumet
Wu Jian
Xom
Yredelemnul
Zin
The Shining One
Beogh
Jiyva
Lugonu

Annotations:
D Snorg


Innate Abilities, Weirdness & Mutations

You cannot wear boots.
Your serpentine skin is tough. (AC +2)
You have supernaturally acute eyesight. (+Vis)
Armour fits poorly on your strangely shaped body.
Your system is resistant to poisons. (rPois)
You cover ground very slowly.
You have a slow metabolism.
You can spit poison.
You can use your snake-like lower body to constrict enemies.
Your tail ends in a poisonous barb.
You are agile. (Dex +2)
You are weak. (Str -2)
You evolve.


Message History

Your ice beast hits the ice devil but does no damage.
The ice devil hits you (3). The ice devil freezes you (23)!!
Unknown command.
The ice devil blocks your attack.
You hit the ice devil (4).
The ice devil convulses (2).
The ice devil is lightly wounded. (42/48) HP You constrict the ice devil (2).
Your ice beast hits the ice devil (1).
Your ice beast freezes the ice devil (0).
The ice devil completely resists.
The ice devil hits you (14)!
* * * LOW HITPOINT WARNING * * *
The ice devil freezes you (12)!
* * * LOW HITPOINT WARNING * * *
You hit the ice devil but do no damage.
The ice devil is lightly wounded. (39/48) HP You barely miss the ice devil.
You tail-slap the ice devil (3).
The ice devil is moderately wounded. (36/48) HP You constrict the ice devil (4).
The ice devil blocks your ice beast's attack.
The ice devil hits you (15)!
You die...

♣♣♣♣♣.###'#'###)##o..
...♣..#).........#.o
≈..♣♣.).⌠........#.#
≈≈≈...#...######'#.#
≈≈....#.⌠.#__#...#'#####
≈.....#...#__#...#oo≈§§+
......#)###__#...#o#≈§§#
......#...#__#..Y4o#§§.#
......#___#__'..@#.#.T§#
▓▓▓▓▓▓▓▓▓▓▓▓▓▓▓▓▓▓▓▓▓▓▓▓


You could see an orc high priest, an ice devil, 2 orc wizards, an orc and a
friendly ice beast.

Vanquished Creatures
  A deep elf mage (D)
  A water elemental (D)
  An orc wizard (D)
  An orc priest (D)
  Jessica (D)
  A human (D)
  An ooze (D)
  A phantom (D)
  5 orcs (D)
  2 rats (D)
15 creatures vanquished.

Vanquished Creatures (collateral kills)
  A shadow (D)
  2 humans (D)
  A spatial vortex (D)
  A necrophage (D)
  A jelly (D)
  A necromancer (D)
  A wizard (D)
  A kobold demonologist (D)
  An orc (D)
10 creatures vanquished.

Vanquished Creatures (others)
  2 draconian scorchers (D)
  6 hellions (D)
  2 yaktaurs (D)
  An electric eel (D)
11 creatures vanquished.

Grand Total: 36 creatures vanquished

Notes
Turn   | Place    | Note
-------+----------+-------------------------------------------
     0 | D        | pasperui the Naga Ice Elementalist began the quest for the
                  | Orb.
     0 | D        | Reached XP level 1. HP: 15/15 MP: 3/3
    40 | D        | Noticed Jessica
    51 | D        | Killed Jessica
    51 | D        | Reached XP level 2. HP: 17/22 MP: 1/5
    51 | D        | Reached XP level 3. HP: 21/28 MP: 1/6
    86 | D        | Learned a level 2 spell: Throw Frost
    91 | D        | Killed a hellion
   117 | D        | Killed a yaktaur
   117 | D        | Killed a hellion
   127 | D        | Killed a hellion
   128 | D        | Killed a hellion
   129 | D        | Killed a hellion
   144 | D        | Killed a white draconian scorcher
   158 | D        | Killed a white draconian scorcher
   161 | D        | Killed a hellion
   251 | D        | Gained mutation: You are weak. (Str -2) [potion of
                  | mutation]
   251 | D        | Gained mutation: You are resistant to hostile enchantments.
                  | (MR+) [potion of mutation]
   252 | D        | Lost mutation: You are weak. (Str -2) [potion of mutation]
   252 | D        | Lost mutation: You are resistant to hostile enchantments.
                  | (MR+) [potion of mutation]
   252 | D        | Gained mutation: You occasionally shout uncontrollably at
                  | your foes. [potion of mutation]
   252 | D        | Gained mutation: You have a pair of small horns on your
                  | head. [potion of mutation]
   253 | D        | Lost mutation: You occasionally shout uncontrollably at
                  | your foes. [potion of mutation]
   253 | D        | Lost mutation: You have a pair of small horns on your head.
                  | [potion of mutation]
   253 | D        | Gained mutation: Your tail ends in a poisonous barb.
                  | [potion of mutation]
   253 | D        | Gained mutation: You evolve. [potion of mutation]
   253 | D        | Gained mutation: You are weak. (Str -2) [potion of
                  | mutation]
   253 | D        | Gained mutation: You are agile. (Dex +2) [potion of
                  | mutation]
   312 | D        | Noticed a water elemental
   317 | D        | Killed a water elemental
   317 | D        | Reached XP level 4. HP: 27/36 MP: 7/7
   394 | D        | Found a glowing silver altar of Zin.
   395 | D        | Found a glowing golden altar of the Shining One.
   395 | D        | Found a white marble altar of Elyvilon.
   395 | D        | Noticed a deep elf mage
   402 | D        | Killed a deep elf mage
   402 | D        | Reached skill level 11 in Spellcasting
   402 | D        | Reached XP level 5. HP: 8/42 MP: 1/18
   402 | D        | Reached XP level 6. HP: 9/49 MP: 1/20
   402 | D        | Reached XP level 7. HP: 10/55 MP: 1/21
   572 | D        | Learned a level 4 spell: Summon Ice Beast
   574 | D        | Found a basalt altar of Yredelemnul.
   574 | D        | Found a shadowy altar of Dithmenos.
   574 | D        | Found a sacrificial altar of Ru.
   575 | D        | Reached skill level 1 in Fighting
   608 | D        | Noticed a shadow
   621 | D        | Killed a shadow
   621 | D        | Reached skill level 5 in Fighting
   697 | D        | Found a blossoming altar of Fedhas.
   697 | D        | Found a stormy altar of Qazlal.
   697 | D        | Found a snail-covered altar of Cheibriados.
   697 | D        | Found a burning altar of Makhleb.
   697 | D        | Found a shimmering altar of Xom.
   709 | D        | Reached skill level 5 in Stealth
   709 | D        | Reached XP level 8. HP: 76/76 MP: 9/23
   711 | D        | Found a hazy altar of Hepliaklqana.
   711 | D        | Found an opulent altar of Gozag.
   711 | D        | Found a sparkling altar of Nemelex Xobeh.
   711 | D        | Found a corrupted altar of Lugonu.
   711 | D        | Found a viscous altar of Jiyva.
   718 | D        | Became a worshipper of Cheibriados the Contemplative
   720 | D        | Killed a yaktaur
   742 | D        | Found a hide-covered altar of Uskayaw.
   742 | D        | Found a roughly hewn altar of Beogh.
   742 | D        | Found an iron altar of Okawaru.
   742 | D        | Found a bloodstained altar of Trog.
   742 | D        | Found an ornate altar of the Wu Jian Council.
   755 | D        | HP: 3/76 [human/+0 short sword (8)]
   763 | D        | Reached * piety under Cheibriados
   931 | D        | Found a radiant altar of Vehumet.
   931 | D        | Found a shimmering blue altar of Sif Muna.
   931 | D        | Found an ancient bone altar of Kikubaaqudgha.
   933 | D        | Noticed a sun demon
   934 | D        | Noticed an ice devil
  1072 | D        | Noticed Snorg
  1088 | D        | Reached ** piety under Cheibriados
  1092 | D        | Reached skill level 1 in Long Blades
  1099 | D        | Reached *** piety under Cheibriados
  1105 | D        | Noticed an orc high priest
  1111 | D        | Noticed an orange demon
  1113 | D        | Noticed an ice devil
  1116 | D        | Reached **** piety under Cheibriados
  1122 | D        | Mangled by an ice devil

Levels and vault maps discovered:
D:        dungeon_sprint_mu [sprint_mu_entry_forest, sprint_mu_temple_rooms,
          sprint_mu_d1_horrors, sprint_mu_d2_genie, sprint_mu_d3_branching,
          sprint_mu_orc_legion, sprint_mu_elf_gauntlet, sprint_mu_hive_nellie,
          sprint_mu_lair_fedhas, sprint_mu_vaults_butterflies,
          sprint_mu_slime_circle, sprint_mu_shoals_kraken,
          sprint_mu_snake_twists, sprint_mu_blade_basic, sprint_mu_crypt_lich,
          sprint_mu_tomb_spiral, sprint_mu_vestibule_basic,
          sprint_mu_gehenna_hellfire, sprint_mu_dis_giant,
          sprint_mu_tartarus_statrot, sprint_mu_cocytus_islands, sprint_mu_zot1]

Skill      XL: |  1  2  3  4  5  6  7  8 |
---------------+-------------------------+-----
Ice Magic      | 6 9 |  9.8
Spellcasting   | 11 | 11.1
Fighting       | 5 |  5.8
Summonings     | 3 |  3.2
Stealth        | 5 7 |  7.3
Invocations    | 4 |  4.4
Long Blades    | 2 |  2.5
Dodging        | |  1.5

Action                   |  1- 3 |  4- 6 |  7- 9 || total
-------------------------+-------+-------+-------++-------
Melee: Unarmed           |    21 |       |    25 ||    46
       Constrict         |     3 |       |     7 ||    10
       Mace              |    11 |       |       ||    11
       Long sword        |       |       |    24 ||    24
       Tailslap          |       |       |     7 ||     7
 Cast: Freeze            |    12 |     4 |     8 ||    24
       Throw Frost       |     2 |     1 |     4 ||     7
       Summon Ice Beast  |       |       |    16 ||    16
 Abil: Spit Poison       |     4 |     1 |       ||     5
  Use: Potion            |     4 |       |     3 ||     7
       Scroll            |       |       |     3 ||     3
 Stab: Sleeping          |     1 |       |       ||     1
  Eat: Ration            |       |       |     1 ||     1
Armor: Robe              |     1 |       |     3 ||     4
Dodge: Dodged            |     6 |       |    18 ||    24
